 Dungeon Crawl Stone Soup version 0.21-a0-142-gdd972a7 (webtiles) character file.

23188 tilp the Arsonist (level 13, -3/96 HPs)
             Began as a Hill Orc Fire Elementalist on July 22, 2017.
             Was an Elder of Vehumet.
             Hit by a tomahawk thrown by an orc warrior (13 damage)
             ... on level 2 of the Orcish Mines.
             The game lasted 01:05:45 (19498 turns).

tilp the Arsonist (Hill Orc Fire Elementalist)     Turns: 19498, Time: 01:05:45

Health: -3/96      AC: 10    Str: 10      XL:     13   Next: 5%
Magic:  31/31      EV: 15    Int: 18 (19) God:    Vehumet [****..]
Gold:   985        SH:  0    Dex: 14      Spells: 7/24 levels left

rFire    . . .     SeeInvis +   K - +4 broad axe of the Girdle {freeze, MP+9 Dex+3}
rCold    . . .     Gourm    .   (no shield)
rNeg     . . .     Faith    .   X - +1 steam dragon scales
rPois    .         Spirit   .   (no helmet)
rElec    .         Reflect  .   l - +1 cloak
rCorr    .         Harm     .   c - +0 pair of gloves
MR       .....     Clarity  +   (no boots)
Stlth    ++........             Y - amulet of magic regeneration
HPRegen  0.26/turn              J - +4 ring of protection
MPRegen  0.47/turn              x - ring of see invisible

@: about to teleport
A: talons 1, clarity, deformed body, deterioration 1, frail 1, weak 1, wild
magic 1
a: Renounce Religion


You were on level 2 of the Orcish Mines.
You worshipped Vehumet.
Vehumet was greatly pleased with you.
You were not hungry.

You visited 4 branches of the dungeon, and saw 17 of its levels.
You also visited: Sewer.

You collected 985 gold pieces.

Inventory:

Hand Weapons
 K - the +4 broad axe of the Girdle (weapon) {freeze, MP+9 Dex+3}
   (You found it on level 7 of the Dungeon)

   It has been specially enchanted to freeze those struck by it, causing extra
   injury to most foes and up to half again as much damage against particularly
   susceptible opponents.
   It can also slow down cold-blooded creatures.
   It affects your dexterity (+3).
   It affects your magic capacity (+9).
 L - a +1 dagger of electrocution
 R - a +2 dire flail of protection
Missiles
 F - 3 tomahawks of returning (quivered)
Armour
 c - a +0 pair of gloves (worn)
 l - a +1 cloak (worn)
 t - the +1 helmet of Unreason {rF- MR+ Int-4 Dex+8}
   (You found it on level 4 of the Dungeon)

   It affects your intelligence (-4).
   It affects your dexterity (+8).
   It makes you vulnerable to fire.
   It affects your resistance to hostile enchantments.
 M - a +1 leather armour of magic resistance
 X - +1 steam dragon scales (worn)
Magical Staves
 v - an uncursed staff of energy {unknown}
Jewellery
 f - an uncursed ring of fire
 x - a ring of see invisible (right hand)
 J - a +4 ring of protection (left hand)
 W - the amulet "Bohucup" {Spirit rElec rPois MR+, unknown}
   (You found it on level 11 of the Dungeon)

   [amulet of guardian spirit]

   It causes incoming damage to be split between your health and magic.
   It insulates you from electricity.
   It protects you from poison.
   It affects your resistance to hostile enchantments.
 Y - an amulet of magic regeneration (around neck)
Wands
 b - a wand of enslavement (13/24)
 d - a wand of confusion (16/48)
 h - a wand of disintegration (13/24)
 u - a wand of disintegration (11/24)
 w - a wand of disintegration (20/24)
 z - a wand of paralysis (6/24)
 G - a wand of polymorph (2/24)
 N - a wand of flame (35/48)
 P - a wand of scattershot (0/9)
Scrolls
 e - 11 scrolls of remove curse
 k - 4 scrolls of magic mapping
 y - a scroll of fear {unknown}
 C - a scroll of fog {unknown}
 H - a scroll of blinking {unknown}
 O - a scroll of brand weapon {unknown}
 S - a scroll of random uselessness {unknown}
 T - a scroll of recharging {unknown}
 V - a scroll of silence {unknown}
Potions
 a - 2 potions of berserk rage {unknown}
 i - 2 potions of haste {unknown}
 j - 2 potions of lignification {unknown}
 m - 6 potions of flight
 o - a potion of magic {unknown}
 p - 6 potions of curing
 q - a potion of invisibility
 s - a potion of brilliance {unknown}
 A - 2 potions of might
 B - 3 potions of degeneration {unknown}
 I - a potion of resistance {unknown}
 Q - a potion of mutation {unknown}
Comestibles
 g - 19 fruits


   Skills:
 + Level 7.9 Fighting
 + Level 6.9 Axes
 - Level 6.1 Dodging
 - Level 1.5 Stealth
 * Level 6.2 Spellcasting
 * Level 12.0 Conjurations
 * Level 12.8 Fire Magic


You had 7 spell levels left.
You knew the following spells:

 Your Spells              Type           Power        Failure   Level  Hunger
a - Flame Tongue          Conj/Fire      #####        1%          1    None
b - Throw Flame           Conj/Fire      ######       1%          2    None
c - Conjure Flame         Conj/Fire      ######..     1%          3    ##.....
d - Sticky Flame          Conj/Fire      ######..     1%          4    ####...
e - Fireball              Conj/Fire      ######....   1%          5    #####..
f - Throw Frost           Conj/Ice       #####.       1%          2    None


Dungeon Overview and Level Annotations

Branches:
Dungeon (13/15)            Temple (1/1) D:7            Lair (1/6) D:11
    Orc (2/2) D:9             Elf (0/3) Orc:2
 Vaults: D:13-14

Altars:
Ashenzari
Cheibriados
Dithmenos
Elyvilon
Fedhas
Gozag
Hepliaklqana
Kikubaaqudgha
Makhleb
Nemelex Xobeh
Okawaru
Qazlal
Ru
Sif Muna
Trog
Uskayaw
Vehumet
Wu Jian
Xom
Yredelemnul
Zin
The Shining One

Shops:
D:9 %   Orc:2 (*


Innate Abilities, Weirdness & Mutations

You have sharp toenails.
You possess an exceptional clarity of mind.
Armour fits poorly on your strangely shaped body.
Your body sometimes deteriorates upon taking damage.
You are frail. (-10% HP)
You are weak. (Str -2)
Your spells are a little harder to cast, but a little more powerful.


Message History

You eat one of the 20 fruits.
Mmmm...
Yummy eggfruit.
You climb downwards.
The orc sorcerer shouts!
The orc warlord hits you with a vampiric great sword!!
The orc knight hits you with a battleaxe!
The orc knight hits you with a war axe.
The orc warrior throws a tomahawk.
The tomahawk hits you but does no damage.
There is a stone staircase leading up, spattered with blood here.
You see here 4 tomahawks.
Unknown command.
Unknown command.
As you read the scroll of teleportation, it crumbles to dust.
You feel strangely unstable.
The orc warlord hits you with a vampiric great sword!!
* * * LOW HITPOINT WARNING * * *
The orc knight roars a battlecry!
The orcs go into a battle-frenzy!
The orc knight barely misses you.
The orc warrior throws a tomahawk.
The tomahawk hits you!
You die...

.$......∩..............,,,,,,,,,,
........................,,,,,,,,,
......8....P............,,,,,,*,,
...........[...........,,,,,,,,,,
............[........##.,,,,,,,,,
..........P............#,,,,,,,,,
...........o...........$,,,,,,,,,
............((.[o[.[....,,,,,,,,,
......(.......o.@.......,,,,,,,,,
.##.##.........o.o(...#<,,,,,,,,,
#####.................#*,,,,,,,*,
*#.....#..............*,,,,,,,,
#...........[.........,,,,**,,,
*##....................,,,,,***,
**......................,,,,** **
*,......................,*,,,**
**,***,,,,,,,,,,,,,,,,,,,,,,,,*


You could see an orc warlord, 2 orc knights, an orc sorcerer and an orc warrior.

Vanquished Creatures
  Josephine (D:13)
  3 two-headed ogres
  An orc high priest (Orc:2)
  3 orc sorcerers
  3 ugly things
  3 cyclopes
  3 centaur zombies
  A gargoyle (D:13)
  A spiny frog (Lair:1)
  2 centaur skeletons
  3 trolls
  The ghost of grindst0ne the Firebug, an amateur HOFE (D:4)
  6 slime creatures (D:12)
  3 hippogriffs
  5 wraiths
  A vampire (D:11)
  Eustachio (D:5)
  11 yaks
  2 steam dragons
  4 hungry ghosts
  3 vampire mosquitoes (D:13)
  6 wargs
  Menkaure (D:4)
  2 water moccasins
  Purgy (Sewer)
  A hornet zombie (D:10)
  4 sky beasts
  11 orc warriors
  4 phantoms
  3 black bears (D:10)
  4 ice beasts
  5 ogres
  8 centaurs
  3 big kobolds
  9 bullfrogs
  Blork the orc (D:6)
  A wyvern zombie (D:13)
  3 wyvern skeletons
  3 scorpions
  A water moccasin skeleton (D:7)
  14 killer bees
  A howler monkey (D:8)
  5 wights (D:9)
  3 crimson imps
  3 jellies
  3 bullfrog zombies
  7 hounds
  A gnoll shaman (D:8)
  7 orc priests
  Crazy Yiuf (D:4)
  2 bullfrog skeletons
  17 orc wizards
  An iguana (D:7)
  3 worker ants
  A hound skeleton (D:6)
  13 adders
  13 gnolls
  A river rat (D:3)
  4 shadow imps
  4 oozes
  3 worms
  2 dart slugs
  4 leopard geckos
  65 orcs
  9 bats
  9 giant cockroaches
  12 goblins
  5 hobgoblins
  9 jackals
  16 kobolds
  5 quokkas
  5 ball pythons
  10 frilled lizards
  A jackal skeleton (D:5)
  A quokka skeleton (D:9)
  A quokka zombie (D:5)
  10 rats
  A fungus (Orc:2)
404 creatures vanquished.

Vanquished Creatures (others)
  A rat (D:3)
  2 fungi (Orc:2)
3 creatures vanquished.

Grand Total: 407 creatures vanquished

Notes
Turn   | Place    | Note
-------+----------+-------------------------------------------
     0 | D:1      | tilp the Hill Orc Fire Elementalist began the quest for the Orb.
     0 | D:1      | Reached XP level 1. HP: 14/14 MP: 3/3
    90 | D:1      | Reached XP level 2. HP: 6/20 MP: 5/5
  1034 | D:1      | Reached XP level 3. HP: 23/26 MP: 6/6
  1312 | D:2      | Learned a level 2 spell: Throw Flame
  1316 | D:2      | Learned a level 3 spell: Conjure Flame
  1512 | D:2      | Reached XP level 4. HP: 31/33 MP: 5/7
  1659 | D:2      | Found a shadowy altar of Dithmenos.
  2070 | D:2      | Found a hide-covered altar of Uskayaw.
  2272 | D:3      | Found a basalt altar of Yredelemnul.
  2353 | D:3      | Found a white marble altar of Elyvilon.
  2489 | D:3      | Found a bloodstained altar of Trog.
  2490 | D:3      | Found a stormy altar of Qazlal.
  2557 | D:3      | Found a glowing drain.
  2598 | D:3      | Reached XP level 5. HP: 31/38 MP: 5/8
  2729 | Sewer    | Entered a sewer
  2860 | Sewer    | Noticed Purgy
  2869 | Sewer    | Killed Purgy
  2869 | Sewer    | Reached skill level 5 in Fire Magic
  2869 | Sewer    | Reached XP level 6. HP: 45/45 MP: 6/9
  3017 | D:3      | Found a radiant altar of Vehumet.
  3739 | D:4      | Reached skill level 1 in Fighting
  3739 | D:4      | Reached skill level 1 in Axes
  3789 | D:4      | Found a runed door.
  3836 | D:4      | Got a pitted mace
  3840 | D:4      | Identified the +2 mace of Ru's Vengeance {vamp, Dex+2} (You found it on level 4 of the Dungeon)
  3841 | D:4      | Noticed Crazy Yiuf
  3860 | D:4      | Killed Crazy Yiuf
  3916 | D:4      | Noticed Menkaure
  3921 | D:4      | Killed Menkaure
  3921 | D:4      | Reached XP level 7. HP: 23/52 MP: 2/10
  4007 | D:4      | Noticed grindst0ne's ghost (amateur HOFE)
  4024 | D:4      | Killed grindst0ne's ghost
  4024 | D:4      | Reached skill level 5 in Conjurations
  4215 | D:4      | Found an ornate altar of the Wu Jian Council.
  4252 | D:4      | Reached XP level 8. HP: 50/62 MP: 5/11
  4276 | D:4      | Learned a level 4 spell: Sticky Flame
  4377 | D:4      | Got a spiked helmet
  4383 | D:4      | Identified the +1 helmet of Unreason {rF- MR+ Int-4 Dex+8} (You found it on level 4 of the Dungeon)
  4932 | D:5      | Entered Level 5 of the Dungeon
  4957 | D:5      | Found a shimmering altar of Xom.
  4959 | D:5      | Found a stormy altar of Qazlal.
  4959 | D:5      | Found a glowing golden altar of the Shining One.
  4961 | D:5      | Found a sacrificial altar of Ru.
  4961 | D:5      | Found a blossoming altar of Fedhas.
  4961 | D:5      | Found an iron altar of Okawaru.
  5111 | D:5      | Noticed Eustachio
  5676 | D:5      | Killed Eustachio
  5993 | D:5      | Found a blossoming altar of Fedhas.
  6353 | D:6      | Reached XP level 9. HP: 60/71 MP: 5/12
  6613 | D:6      | Noticed Blork the orc
  6636 | D:6      | Killed Blork the orc
  7528 | D:7      | Gained mutation: Armour fits poorly on your strangely shaped body. [mutagenic meat]
  7530 | D:7      | Gained mutation: Your spells are a little harder to cast, but a little more powerful. [mutagenic meat]
  7544 | D:7      | Got an ivory broad axe
  7545 | D:7      | Identified the +4 broad axe of the Girdle {freeze, MP+9 Dex+3} (You found it on level 7 of the Dungeon)
  7774 | D:3      | Became a worshipper of Vehumet
  7964 | D:7      | Reached skill level 5 in Fighting
  8138 | D:7      | Found a staircase to the Ecumenical Temple.
  8536 | D:8      | Noticed a two-headed ogre
  8557 | D:8      | Killed a two-headed ogre
  8557 | D:8      | Reached XP level 10. HP: 73/83 MP: 13/13
  8642 | D:8      | Reached * piety under Vehumet
  8642 | D:8      | Offered knowledge of Sting by Vehumet.
  9040 | Temple   | Entered the Ecumenical Temple
  9447 | D:9      | Found a bloodstained altar of Trog.
  9533 | D:9      | Found an iron altar of Okawaru.
  9561 | D:9      | Found a staircase to the Orcish Mines.
  9647 | D:9      | Reached skill level 10 in Fire Magic
  9703 | D:9      | Found a glowing golden altar of the Shining One.
  9734 | D:9      | Found Xetoe's Food Shop.
  9864 | D:9      | Found a hazy altar of Hepliaklqana.
 10188 | D:9      | Found a burning altar of Makhleb.
 10257 | D:9      | Noticed a two-headed ogre
 10272 | D:9      | Killed a two-headed ogre
 10394 | D:10     | Entered Level 10 of the Dungeon
 10412 | D:10     | Reached skill level 5 in Dodging
 10796 | D:10     | Reached ** piety under Vehumet
 10856 | D:10     | Offered knowledge of Searing Ray by Vehumet.
 10856 | D:10     | Reached XP level 11. HP: 51/92 MP: 15/15
 11081 | D:10     | Learned a level 5 spell: Fireball
 11496 | D:11     | Found a frozen archway.
 11496 | D:11     | Noticed a cyclops
 11741 | D:10     | Killed a cyclops
 11741 | D:10     | Reached skill level 10 in Conjurations
 12060 | D:11     | Noticed a red ugly thing
 12107 | D:11     | Got a brightly glowing crystal amulet
 12475 | D:11     | Found a staircase to the Lair.
 12523 | Lair:1   | Entered Level 1 of the Lair of Beasts
 13271 | D:11     | Noticed a cyclops
 14210 | D:11     | Offered knowledge of Throw Frost by Vehumet.
 14220 | D:11     | Learned a level 2 spell: Throw Frost
 14606 | D:11     | Killed a red ugly thing
 14635 | D:11     | Killed a cyclops
 14640 | D:11     | Reached *** piety under Vehumet
 15036 | D:11     | Noticed a two-headed ogre
 15043 | D:11     | Killed a two-headed ogre
 15176 | D:11     | Reached XP level 12. HP: 92/100 MP: 18/18
 15245 | D:11     | Reached skill level 5 in Axes
 15321 | D:12     | Offered knowledge of Ignite Poison by Vehumet.
 16024 | D:12     | Reached skill level 5 in Spellcasting
 16431 | D:12     | Gained mutation: You have a pair of small horns on your head. [mutagenic meat]
 16432 | D:12     | Gained mutation: You possess an exceptional clarity of mind. [mutagenic meat]
 16755 | D:13     | Gained mutation: You have sharp toenails. [mutagenic meat]
 16756 | D:13     | Lost mutation: You have a pair of small horns on your head. [mutagenic meat]
 16757 | D:13     | Gained mutation: Your body sometimes deteriorates upon taking damage. [mutagenic meat]
 17037 | D:13     | Gained mutation: You are weak. (Str -2) [mutagenic meat]
 17039 | D:13     | Gained mutation: You are frail. (-10% HP) [mutagenic meat]
 17061 | D:13     | Reached **** piety under Vehumet
 17292 | D:13     | Noticed Josephine
 17298 | D:13     | Killed Josephine
 17806 | Orc:1    | Entered Level 1 of the Orcish Mines
 17813 | Orc:1    | Offered knowledge of Bolt of Draining by Vehumet.
 18491 | Orc:2    | Entered Level 2 of the Orcish Mines
 18493 | Orc:2    | Found Furixzin's General Store.
 18528 | Orc:2    | Noticed a soul eater
 18836 | Orc:2    | Noticed an orc high priest
 18840 | Orc:2    | Killed an orc high priest
 19047 | Orc:2    | Reached XP level 13. HP: 24/96 MP: 22/22
 19348 | Orc:2    | Found Uwecut's Antique Weapon Shoppe.
 19348 | Orc:2    | Noticed an orc warlord
 19498 | Orc:2    | Hit by a tomahawk thrown by an orc warrior

Vault maps used:
D:1:      dpeg_arrival_simpleton_a, serial_forest, infiniplex_forest_straight_4,
          infiniplex_forest_clump_diagonal, infiniplex_forest_straight_2,
          infiniplex_forest_end_2, infiniplex_forest_clump_tiny, hex_large
D:2:      lemuel_doored_altar, old_standard_altar
D:3:      lemuel_round_altar, lemuel_coloured_pillars_altar, elyvilon_altar_4,
          gammafunk_temple_overflow_pools, portal_sewer_entry_b
D:4:      kennysheep_mini, first_bread, minmay_goblin_outpost, uniq_menkaure,
          uniq_crazy_yiuf_cottage
D:5:      basic_altar, doesnt_xom_only_xom, uniq_eustachio
D:6:      uniq_blork_the_orc
D:7:      minmay_temple_entry_from_below_a
D:9:      okawaru_trees_1, lightli_temple_of_fire,
          nicolae_tso_swordbearing_angel, lemuel_crystal_altar, serial_shops,
          shop, basic_altar, blue_anna_alchemist
D:11:     erik_lair_orcish_takeover, portal_ice_cave_entry_pillars_1
D:13:     lightli_vaults_fourway_checkpoint, uniq_kirke, uniq_josephine
Temple:   compressed_dpeg_triangle_lava_temple
Lair:1:   infiniplex_staircase_pool_2, uniq_sonja, uniq_harold
Orc:1:    serial_shops, shop_statue
Orc:2:    grunt_orc_gardens, grunt_orc_garden, grunt_orc_garden,
          grunt_orc_garden, grunt_orc_garden, lab_entry_generic
Sewer:    sewer_co_purgy_island

Skill      XL: |  1  2  3  4  5  6  7  8  9 10 11 12 13 |
---------------+----------------------------------------+-----
Spellcasting   | 2 4 6 |  6.2
Conjurations   | 2 3 4 5 6 8 9 10 11 12 | 12.0
Fire Magic     | 4 5 6 8 9 10 11 12 | 12.8
Fighting       | 1 2 4 5 7 |  7.9
Axes           | 1 2 4 6 |  6.9
Dodging        | 2 3 4 5 6 |  6.1
Stealth        | |  1.5

Action                   |  1- 3 |  4- 6 |  7- 9 | 10-12 | 13-15 || total
-------------------------+-------+-------+-------+-------+-------++-------
Melee: Club              |    31 |       |       |       |       ||    31
       Hand axe          |    37 |    36 |       |       |       ||    73
       War axe           |       |   124 |       |       |       ||   124
       Mace              |       |       |   283 |       |       ||   283
       Broad axe         |       |       |    37 |   386 |    10 ||   433
       Kick              |       |       |       |    17 |     2 ||    19
Throw: Stone             |    14 |     9 |       |       |       ||    23
 Cast: Flame Tongue      |    18 |    30 |   117 |   219 |     2 ||   386
       Throw Flame       |     2 |    14 |     4 |    44 |       ||    64
       Conjure Flame     |     1 |     1 |     6 |     9 |       ||    17
       Sticky Flame      |       |       |     4 |    46 |     3 ||    53
       Throw Frost       |       |       |       |     5 |       ||     5
       Fireball          |       |       |       |    24 |     1 ||    25
Evoke: Wand              |       |       |     2 |     1 |       ||     3
  Use: Scroll            |       |     3 |     4 |    12 |     1 ||    20
       Potion            |       |     2 |     3 |     9 |       ||    14
 Stab: Distracted        |     1 |       |       |       |       ||     1
       Sleeping          |     2 |     2 |     1 |     4 |       ||     9
  Eat: Chunk             |     2 |     9 |    12 |    32 |     1 ||    56
       Royal jelly       |       |     2 |       |     5 |       ||     7
       Fruit             |       |     2 |     1 |     7 |     2 ||    12
       Bread ration      |       |       |     3 |     3 |       ||     6
       Meat ration       |       |       |       |     1 |       ||     1
Armor: Robe              |    24 |    31 |       |       |       ||    55
       Troll leather arm |       |    21 |   144 |    30 |       ||   195
       Steam dragon scal |       |       |       |    99 |     4 ||   103
Dodge: Dodged            |    71 |   151 |   362 |   449 |    22 ||  1055
